 Dungeon Sprint DCSS version 0.25-a0-413-g3b4b6a4 (webtiles) character file.

Game seed: 846370417559776321, levelgen mode: deterministic

1320 Krakonus1 the Ripper (level 8, -1/34 HPs)
             Began as a Felid Fighter on Jan 16, 2020.
             Was the Champion of Jiyva.
             Slain by a hippogriff (2 damage)
             ... in the Dungeon (Sprint IX: "|||||||||||||||||||||||||||||").
             The game lasted 00:04:25 (2350 turns).

Krakonus1 the Ripper (Felid Fighter)                Turns: 2350, Time: 00:04:25

Health: -1/34      AC:  6    Str: 10    XL:     8   Next: 33%
Magic:  9/9        EV: 20    Int: 11    God:    Jiyva [******]
Gold:   21         SH:  0    Dex: 21    Spells: 7/7 levels left
                                        Lives:  0   Deaths: 2

rFire    + . .     SeeInvis +     - Unarmed
rCold    . . .     Gourm    .   (shield unavailable)
rNeg     . . .     Faith    .   (armour unavailable)
rPois    .         Spirit   .   (helmet unavailable)
rElec    .         Reflect  .   (cloak unavailable)
rCorr    +         Harm     .   (gloves unavailable)
MR       +....     NoTele   +   (boots unavailable)
Stlth    ++........             (no amulet)
HPRegen  0.11/turn              m - +2 ring of protection
MPRegen  0.11/turn              n - +2 ring of protection

@: quick
A: very small, no armour, no weapons or thrown items, stealth, claws 1, fangs 3,
see invisible, carnivore, clever 1, fire resistance 1, speed 1, mutation
resistance 1, sense surroundings 1, shaggy fur 2, slow metabolism 1, eyeballs 2,
pseudopods 2, tendrils, jelly sensing items, jelly absorbing missiles, sharp
paws
a: Request Jelly, Slimify, Cure Bad Mutation, Renounce Religion


You were in the Dungeon.
You worshipped Jiyva.
Jiyva was exalted by your worship.
You were full.

You visited 1 branch You collected 21 gold pieces.

Inventory:

Jewellery
 m - a +2 ring of protection (left paw)
 n - a +2 ring of protection (right paw)
Wands
 l - a wand of iceblast (10)
Scrolls
 h - 2 scrolls of blinking
 j - 3 scrolls of remove curse
 k - 2 scrolls of amnesia
 o - a scroll of fog
Potions
 a - a potion of might
 c - 5 potions of curing
 d - 3 potions of heal wounds
 e - a potion of haste
 f - 4 potions of magic
 g - a potion of berserk rage
 i - a potion of invisibility
Comestibles
 b - 11 rations


   Skills:
 - Level 3.0 Fighting
 - Level 4.0 Dodging
 + Level 20.1 Unarmed Combat


You had 7 spell levels left.
You didn't know any spells.
Your spell library was empty.

Dungeon Overview and Level Annotations

Branches:
Dungeon (1/1)

Altars:
Cheibriados
Dithmenos
Elyvilon
Fedhas
Gozag
Hepliaklqana
Kikubaaqudgha
Makhleb
Nemelex Xobeh
Okawaru
Qazlal
Ru
Sif Muna
Trog
Uskayaw
Vehumet
Wu Jian
Xom
Yredelemnul
Zin
The Shining One
Beogh
Jiyva
Lugonu


Innate Abilities, Weirdness & Mutations

You cannot wear armour.
You are incapable of wielding weapons or throwing items.
Your paws allow you to move quietly. (Stealth)
You have sharp claws.
You have razor-sharp teeth.
You have supernaturally acute eyesight. (SInv)
You are carnivorous and can eat meat at any time.
You cover ground quickly.
You are covered in thick fur. (AC +2)
You have a slow metabolism.
Your sharp claws are effective at attacking unaware monsters.
Your mind is acute. (Int +2)
Your flesh is heat resistant. (rF+)
You are somewhat resistant to further mutation.
You passively map a small area around you.
Your body has grown many golden eyes which may confuse attackers. (Acc +5)
Armour fits poorly on your large pseudopods.
You are covered in slimy tendrils that may disarm your opponents.
You have a small jelly attached to you that senses nearby items.
You have a small jelly attached to you that may absorb incoming projectiles.


Message History

The bullfrog hits you.
* * * LOW HITPOINT WARNING * * *
The eyeballs on your body gaze at the bullfrog.
The wolf stops to sniff the ground.
A bullfrog comes into view.
The bullfrog gives a loud, deep croak!
You claw the bullfrog! You claw the bullfrog.
You kill the bullfrog!
You claw the hippogriff!
The hippogriff is moderately wounded.
The hippogriff barely misses you. The hippogriff pecks you.
* * * LOW HITPOINT WARNING * * *
The hippogriff misses you.
You scratch the hippogriff. You bite the hippogriff.
You bludgeon the hippogriff.
The hippogriff is heavily wounded.
You claw the hippogriff! You bite the hippogriff.
The hippogriff is almost dead.
The hippogriff closely misses you. The hippogriff pecks you.
You die...

* *
▓.▓_▓
*,* *
▓.▓.▓_▓
▓.▓.▓_▓
∆
▓F▓.▓_▓
* *∆
▓r▓.▓_▓
∆
▓t▓.▓_▓
*,*∆
▓h▓.▓_▓
, ∆
,▓H▓.▓_▓
, ∆
,▓@▓.▓_▓
,* ∆
▓J▓.▓_▓
, ∆
▓J▓.▓J▓
,*∆
▓.▓.▓_▓
∆
▓.▓.▓'▓
* ∆
▓.▓.▓.▓
* *∆*
▓J▓.▓.▓
,
▓.▓.▓.▓
,*
▓.▓.▓.▓


You could see a hippogriff, a crocodile, a wolf, a bullfrog, a porcupine, a
neutral jelly (fellow slime), a friendly acid blob and a friendly death ooze.

Vanquished Creatures
  A hippogriff (D)
  A yak (D)
  A porcupine (D)
  An orc warrior (D)
  A necrophage (D)
  A centaur (D)
  A crocodile (D)
  3 bullfrogs (D)
  A hound (D)
  A jelly (D)
  A worker ant (D)
  An adder (D)
  2 shadow imps (D)
  An adder zombie (D)
  A goblin (D)
  A hobgoblin (D)
  2 kobolds (D)
  A bat (D)
  A quokka skeleton (D)
23 creatures vanquished.

Vanquished Creatures (collateral kills)
  4 death yaks (D)
  An ugly thing (D)
  A centaur (D)
  A crocodile (D)
7 creatures vanquished.

Vanquished Creatures (others)
  3 great orbs of eyes (D)
  A cyclops (D)
  2 slime creatures (D)
  17 jellies (D)
23 creatures vanquished.

Grand Total: 53 creatures vanquished

Notes
Turn   | Place    | Note
-------+----------+-------------------------------------------
     0 | D        | Krakonus1 the Felid Fighter began the quest for the Orb.
     0 | D        | Reached XP level 1. HP: 10/10 MP: 2/2
     7 | D        | Reached skill level 5 in Unarmed Combat
   137 | D        | Noticed a jelly
   139 | D        | Killed a jelly
   139 | D        | Reached skill level 7 in Unarmed Combat
   139 | D        | Reached XP level 2. HP: 14/14 MP: 3/3
   139 | D        | Reached XP level 3. HP: 17/17 MP: 4/4
   145 | D        | Reached skill level 8 in Unarmed Combat
   164 | D        | Found a roughly hewn altar of Beogh.
   164 | D        | Found a snail-covered altar of Cheibriados.
   164 | D        | Found a shadowy altar of Dithmenos.
   164 | D        | Found a white marble altar of Elyvilon.
   164 | D        | Found a blossoming altar of Fedhas.
   164 | D        | Found an opulent altar of Gozag.
   165 | D        | Found a hazy altar of Hepliaklqana.
   166 | D        | Found a viscous altar of Jiyva.
   167 | D        | Found an ancient bone altar of Kikubaaqudgha.
   168 | D        | Found a corrupted altar of Lugonu.
   169 | D        | Found a burning altar of Makhleb.
   170 | D        | Found a sparkling altar of Nemelex Xobeh.
   171 | D        | Found an iron altar of Okawaru.
   172 | D        | Found a stormy altar of Qazlal.
   173 | D        | Found a sacrificial altar of Ru.
   174 | D        | Found a shimmering blue altar of Sif Muna.
   175 | D        | Found a bloodstained altar of Trog.
   176 | D        | Found a hide-covered altar of Uskayaw.
   177 | D        | Found a radiant altar of Vehumet.
   178 | D        | Found an ornate altar of the Wu Jian Council.
   179 | D        | Found a shimmering altar of Xom.
   180 | D        | Found a basalt altar of Yredelemnul.
   181 | D        | Found a glowing silver altar of Zin.
   182 | D        | Found a glowing golden altar of the Shining One.
   204 | D        | Became a worshipper of Jiyva Jiorolir the Shapeless
   209 | D        | Killed a great orb of eyes
   212 | D        | Killed a slime creature
   214 | D        | Killed a slime creature
   215 | D        | Killed a great orb of eyes
   219 | D        | Killed a great orb of eyes
   356 | D        | Reached * piety under Jiyva
   359 | D        | Reached ** piety under Jiyva
   359 | D        | Reached *** piety under Jiyva
   371 | D        | Reached **** piety under Jiyva
   376 | D        | Gained mutation: You are resistant to hostile enchantments.
                  | (MR+) [Jiyva's grace]
   381 | D        | Reached ***** piety under Jiyva
   536 | D        | Lost mutation: You are resistant to hostile enchantments.
                  | (MR+) [Jiyva's grace]
   697 | D        | Found the +6 Majin-Bo {vamp, Archmagi MP+6 Int+6}
  1086 | D        | Gained mutation: You are partially covered in large bone
                  | plates. (SH +4) [Jiyva's grace]
  1089 | D        | Gained mutation: You are covered in thick fur. (AC +2)
                  | [Jiyva's grace]
  1089 | D        | Reached ****** piety under Jiyva
  1092 | D        | Gained mutation: You are mostly covered in large bone
                  | plates. (SH +6) [Jiyva's grace]
  1094 | D        | Gained mutation: You are agile. (Dex +2) [Jiyva's grace]
  1096 | D        | Gained mutation: Armour fits poorly on your pseudopods.
                  | [Jiyva's grace]
  1096 | D        | Gained mutation: You possess an exceptional clarity of
                  | mind. [Jiyva's grace]
  1097 | D        | Lost mutation: You are agile. (Dex +2) [Jiyva's grace]
  1098 | D        | Gained mutation: You occasionally shout uncontrollably at
                  | your foes. [Jiyva's grace]
  1098 | D        | Lost mutation: You are mostly covered in large bone plates.
                  | (SH +6) [Jiyva's grace]
  1098 | D        | Gained mutation: Your rubbery body absorbs attacks. (AC +1,
                  | EV +1) [Jiyva's grace]
  1100 | D        | Lost mutation: Your rubbery body absorbs attacks. (AC +1,
                  | EV +1) [Jiyva's grace]
  1102 | D        | Lost mutation: You possess an exceptional clarity of mind.
                  | [Jiyva's grace]
  1104 | D        | Gained mutation: Armour fits poorly on your large
                  | pseudopods. [Jiyva's grace]
  1104 | D        | Gained mutation: You are frail. (-10% HP) [Jiyva's grace]
  1105 | D        | Gained mutation: You possess an exceptional clarity of
                  | mind. [Jiyva's grace]
  1110 | D        | Gained mutation: You evolve. [Jiyva's grace]
  1115 | D        | Gained mutation: You have a pair of small horns on your
                  | head. [Jiyva's grace]
  1116 | D        | Gained mutation: You are partially covered in rugged brown
                  | scales. (AC +1, +3% HP) [Jiyva's grace]
  1117 | D        | Gained mutation: Your skin changes colour to match your
                  | surroundings (Stealth+). [Jiyva's grace]
  1167 | D        | Lost mutation: Armour fits poorly on your large pseudopods.
                  | [Jiyva's grace]
  1168 | D        | Lost mutation: You are frail. (-10% HP) [Jiyva's grace]
  1168 | D        | Lost mutation: You occasionally shout uncontrollably at
                  | your foes. [Jiyva's grace]
  1174 | D        | Gained mutation: You are robust. (+10% HP) [Jiyva's grace]
  1177 | D        | Gained mutation: You have a small jelly attached to you
                  | that may absorb incoming projectiles. [Jiyva's grace]
  1178 | D        | Lost mutation: You evolve. [Jiyva's grace]
  1178 | D        | Gained mutation: You are somewhat resistant to further
                  | mutation. [Jiyva's grace]
  1181 | D        | Gained mutation: You are very robust. (+20% HP) [Jiyva's
                  | grace]
  1184 | D        | Lost mutation: You have a pair of small horns on your head.
                  | [Jiyva's grace]
  1185 | D        | Lost mutation: Armour fits poorly on your pseudopods.
                  | [Jiyva's grace]
  1189 | D        | Gained mutation: You are covered in slimy tendrils that may
                  | disarm your opponents. [Jiyva's grace]
  1189 | D        | Lost mutation: You possess an exceptional clarity of mind.
                  | [Jiyva's grace]
  1190 | D        | Lost mutation: You are somewhat resistant to further
                  | mutation. [Jiyva's grace]
  1194 | D        | Gained mutation: You expend magic power (3 MP) to
                  | strengthen your wands. [Jiyva's grace]
  1197 | D        | Lost mutation: You expend magic power (3 MP) to strengthen
                  | your wands. [Jiyva's grace]
  1198 | D        | Gained mutation: Armour fits poorly on your pseudopods.
                  | [Jiyva's grace]
  1198 | D        | Gained mutation: Armour fits poorly on your large
                  | pseudopods. [Jiyva's grace]
  1201 | D        | Noticed a necrophage
  1201 | D        | Noticed an orc warrior
  1201 | D        | Noticed a bullfrog
  1205 | D        | Killed a bullfrog
  1205 | D        | Reached skill level 10 in Unarmed Combat
  1205 | D        | Reached XP level 4. HP: 25/25 MP: 5/5
  1209 | D        | Reached XP level 5. HP: 20/29 MP: 6/6
  1216 | D        | Killed an orc warrior
  1216 | D        | Reached skill level 12 in Unarmed Combat
  1224 | D        | Killed a necrophage
  1224 | D        | Reached skill level 13 in Unarmed Combat
  1224 | D        | Mutation became permanent: You are covered in fur. (AC +1)
                  | [Felid growth]
  1224 | D        | Gained mutation: You are covered in thick fur. (AC +2)
                  | [Felid growth]
  1224 | D        | Reached XP level 6. HP: 19/34 MP: 7/7
  1320 | D        | Gained mutation: You expend magic power (3 MP) to
                  | strengthen your wands. [Jiyva's grace]
  1320 | D        | Lost mutation: You are very robust. (+20% HP) [Jiyva's
                  | grace]
  1322 | D        | Noticed a cyclops
  1322 | D        | Noticed a white ugly thing
  1322 | D        | Noticed a hippogriff
  1327 | D        | Killed a hippogriff
  1327 | D        | Reached skill level 14 in Unarmed Combat
  1327 | D        | Reached XP level 7. HP: 22/35 MP: 8/8
  1331 | D        | Reached skill level 15 in Unarmed Combat
  1341 | D        | Killed a white ugly thing
  1341 | D        | Reached skill level 16 in Unarmed Combat
  1346 | D        | HP: 1/35 [centaur/cursed -2 shortbow (4)]
  1353 | D        | Hit by a large rock thrown by a cyclops
  1354 | D        | Reached XP level 6. HP: -9/31 MP: 7/7
  1362 | D        | Gained mutation: You passively map a small area around you.
                  | [Jiyva's grace]
  1374 | D        | Lost mutation: Your skin changes colour to match your
                  | surroundings (Stealth+). [Jiyva's grace]
  1375 | D        | Gained mutation: You have acidic saliva. [Jiyva's grace]
  1376 | D        | Lost mutation: You expend magic power (3 MP) to strengthen
                  | your wands. [Jiyva's grace]
  1447 | D        | Killed a cyclops
  1449 | D        | Gained mutation: Your body has grown golden eyes which may
                  | confuse attackers. (Acc +3) [Jiyva's grace]
  1958 | D        | Noticed a yak
  1958 | D        | Noticed a death yak
  1959 | D        | Noticed a death yak
  1960 | D        | Noticed a death yak
  1961 | D        | Noticed a death yak
  1962 | D        | Noticed a death yak
  1963 | D        | Noticed a death yak
  1964 | D        | Killed a yak
  1964 | D        | Reached XP level 7. HP: 35/35 MP: 8/8
  1971 | D        | Noticed a yak
  1972 | D        | Killed a death yak
  1972 | D        | Reached skill level 18 in Unarmed Combat
  1972 | D        | Reached XP level 8. HP: 14/38 MP: 9/9
  1976 | D        | Killed a death yak
  1977 | D        | Killed a death yak
  1977 | D        | Reached skill level 19 in Unarmed Combat
  1982 | D        | Killed a death yak
  1982 | D        | Reached XP level 9. HP: 17/41 MP: 10/10
  1993 | D        | Slain by a death yak
  1994 | D        | Reached XP level 8. HP: -2/38 MP: 9/9
  2074 | D        | Lost mutation: You have acidic saliva. [Jiyva's grace]
  2082 | D        | Lost mutation: You are partially covered in rugged brown
                  | scales. (AC +1, +3% HP) [Jiyva's grace]
  2089 | D        | Gained mutation: Your flesh is heat resistant. (rF+)
                  | [Jiyva's grace]
  2097 | D        | Lost mutation: You are partially covered in large bone
                  | plates. (SH +4) [Jiyva's grace]
  2101 | D        | Lost mutation: You are covered in slimy tendrils that may
                  | disarm your opponents. [Jiyva's grace]
  2103 | D        | Lost mutation: You are robust. (+10% HP) [Jiyva's grace]
  2103 | D        | Gained mutation: You have a small jelly attached to you
                  | that senses nearby items. [Jiyva's grace]
  2107 | D        | Gained mutation: You are robust. (+10% HP) [Jiyva's grace]
  2109 | D        | Gained mutation: Your body has grown many golden eyes which
                  | may confuse attackers. (Acc +5) [Jiyva's grace]
  2111 | D        | Gained mutation: Potions are less effective at restoring
                  | your health. [Jiyva's grace]
  2116 | D        | Gained mutation: You have a pair of small horns on your
                  | head. [Jiyva's grace]
  2124 | D        | Lost mutation: You have a pair of small horns on your head.
                  | [Jiyva's grace]
  2127 | D        | Gained mutation: Your mind is acute. (Int +2) [Jiyva's
                  | grace]
  2128 | D        | Lost mutation: You are robust. (+10% HP) [Jiyva's grace]
  2131 | D        | Gained mutation: You have a pair of small horns on your
                  | head. [Jiyva's grace]
  2132 | D        | Gained mutation: You are covered in slimy tendrils that may
                  | disarm your opponents. [Jiyva's grace]
  2136 | D        | Gained mutation: You are somewhat resistant to further
                  | mutation. [Jiyva's grace]
  2138 | D        | Lost mutation: Potions are less effective at restoring your
                  | health. [Jiyva's grace]
  2138 | D        | Lost mutation: You have a pair of small horns on your head.
                  | [Jiyva's grace]
  2331 | D        | Noticed a hippogriff
  2345 | D        | Reached skill level 20 in Unarmed Combat
  2348 | D        | HP: 1/34 [hippogriff (5)]
  2350 | D        | Slain by a hippogriff

Levels and vault maps discovered:
D:        linesprint [early_d, line_temple, items_1, d_10, items_2, lair_1,
          lair_end, items_3, orc_1, orc_end, items_4, d_15, swamp_1, shoals_1,
          snake_1, spider_1, d_20, vaults_1, items_5, swamp_end, shoals_end,
          snake_end, spider_end, vaults_end, d_27, items_6, zot_1, zot_end,
          crypt_end, forest_end, elf_end, slime_end, tomb_end, abyss_end,
          pan_hell_end]

Skill      XL: |  1  2  3  4  5  6  7  8 |
---------------+-------------------------+-----
Unarmed Combat | 7 10 13 14 18 20 | 20.1
Fighting       | |  3.0
Dodging        | |  4.0

Action                   |  1- 3 |  4- 6 |  7- 9 || total
-------------------------+-------+-------+-------++-------
Melee: Unarmed           |    28 |    29 |    38 ||    95
       Bite              |     3 |     2 |     8 ||    13
       Pseudopods        |     1 |     6 |    11 ||    18
       Punch             |     1 |     1 |     7 ||     9
 Stab: Sleeping          |     1 |       |       ||     1
       Distracted        |       |     1 |       ||     1
  Eat: Chunk             |     6 |     3 |       ||     9
Armor: Skin              |     3 |     5 |     2 ||    10
Dodge: Dodged            |    15 |    16 |    21 ||    52
Block: Other             |       |     5 |     2 ||     7

Table legend:
 A = Non-vault XP
 B = Vault XP
 C = Vault XP percentage of total XP
 D = Non-vault monster count
 E = Vault monster count
 F = Vault count percentage of total count
                 A         B        C        D         E       F
            +---------+---------+-------+---------+---------+-------
      Total |       0 |    3945 | 100.0 |       0 |      30 | 100.0
            +---------+---------+-------+---------+---------+-------
          D |       0 |    3945 | 100.0 |       0 |      30 | 100.0
            +---------+---------+-------+---------+---------+-------
